Map: Ice and Chrome LE

Players

PashkaRU

  • Race: Protoss Protoss
  • League: Diamond
  • Spawn Location: 1:00

PIRATASKROOS - Winner!

  • Race: Terran Terran
  • League: Diamond
  • Spawn Location: 7:00

VOD

Have the link to the VOD?

Description

Time

  • Played on: July 4, 2020, 2:39 p.m.
  • Length: 11:53
Show
View Real Time Build Order
Export as new Build Order

PashkaRU Protoss 

Build Orders: 1 Gate Expand 

Get SALT Encoding   

  12  0:01  Probe  
  13  0:13  Probe  
  14  0:17  Pylon  
  14  0:25  Probe  
  15  0:34  Probe  
  15  0:38  Gateway  
  15  0:42  Probe  
  17  0:51  Probe  
  17  0:52  Assimilator  
  18  1:04  Probe  
  19  1:16  Probe  
  20  1:28  Probe  
  20  1:29  Nexus  
  21  1:37  Cybernetics Core  
  21  1:46  Probe  
  22  1:50  Pylon, Assimilator  
  22  1:58  Probe  
  23  2:10  Probe  
  23  2:12  Stalker  
  25  2:30  Probe  
  25  2:34  Warp Gate  
  25  2:35  Robotics Facility  
  26  2:40  Gateway  
  26  2:41  Pylon  
  26  2:48  Stalker  
  26  2:55  Probe  
  28  3:01  Probe  
  28  3:03  Probe  
  31  3:13  Probe x2  
  33  3:25  Probe x2  
  33  3:26  Immortal  
  35  3:53  Twilight Council  
  35  3:57  Gateway  
  35  3:59  Warp Prism  
  35  4:00  Gateway  
  37  4:19  Probe x2, Charge  
  39  4:31  Probe x2  
  39  4:37  Zealot x2  
  45  4:43  Probe x2  
  47  4:55  Gateway  
  47  4:56  Gateway  
  47  5:07  Gateway  
  47  5:11  Immortal  
  45  5:17  Pylon  
  45  5:20  Shield Battery  
  45  5:21  Shield Battery  
  45  5:25  Zealot x2  
  53  5:33  Pylon  
  53  5:38  Shield Battery  
  53  5:39  Zealot x2  
  54  5:56  Zealot x2  
  52  5:59  Zealot x2  
  40  6:19  Zealot x3  
  46  6:26  Nexus  
  46  6:31  Pylon  
  46  6:51  Pylon  
  46  6:52  Zealot  
  46  6:53  Zealot x2  
  52  6:54  Zealot  
  54  7:02  Observer  
  49  7:09  Zealot  
  49  7:13  Zealot x2  
  41  7:30  Zealot  
  41  7:31  Zealot x2  
  43  7:40  Stalker  
  43  7:44  Stalker  
  33  8:09  Zealot x3  
  39  8:14  Probe  
  39  8:15  Probe  
  37  8:26  Probe  
  37  8:27  Probe  
  37  8:38  Probe x2  
  39  8:46  Probe x2  
  39  8:54  Probe x2  
  43  9:05  Probe x2  
  43  9:06  Stalker  
  43  9:07  Stalker  
  43  9:08  Observer  
  49  9:15  Dark Shrine  
  49  9:17  Pylon  
  49  9:18  Observer  
  49  9:34  Nexus  
  49  9:38  Pylon  
  49  9:47  Blink  
  49  10:01  Stalker x3  
  49  10:03  Probe  
  49  10:04  Probe  
  57  10:09  Assimilator  
  57  10:11  Stalker  
  59  10:14  Sentry  
  61  10:26  Stalker  
  61  10:27  Pylon  
  63  10:37  Dark Templar  
  63  10:39  Dark Templar  
  67  10:54  Assimilator  
  67  10:55  Pylon  
  67  10:58  Probe  
  67  10:59  Probe x2  
  67  11:00  Assimilator, Dark Templar  
  72  11:16  Dark Templar  
  68  11:24  Stalker  
  49  11:35  Stalker x3  
Show
View Real Time Build Order
Export as new Build Order

PIRATASKROOS Terran - Winner!

Build Orders: Gas First Reaper Expand 

Get SALT Encoding   

  12  0:01  SCV  
  13  0:13  SCV  
  14  0:17  Supply Depot  
  14  0:25  SCV  
  15  0:28  Refinery  
  15  0:39  SCV  
  16  0:45  Barracks  
  16  0:53  SCV  
  17  1:02  Supply Depot  
  17  1:05  SCV  
  18  1:17  SCV  
  19  1:32  Orbital Command  
  19  1:33  Reaper  
  20  1:55  Command Center  
  20  1:58  SCV  
  21  2:05  Refinery  
  21  2:07  Barracks Reactor  
  21  2:12  SCV  
  22  2:22  Factory  
  22  2:24  SCV  
  23  2:31  Supply Depot  
  23  2:36  SCV  
  24  2:43  Marine  
  25  2:44  Marine  
  25  2:48  SCV  
  27  2:56  Supply Depot  
  27  3:00  SCV  
  27  3:01  Marine  
  27  3:02  Marine  
  30  3:06  Orbital Command  
  30  3:09  Factory Tech Lab  
  31  3:12  SCV  
  31  3:17  Starport  
  31  3:19  Marine  
  32  3:26  Orbital Command  
  32  3:31  Marine, SCV  
  33  3:37  Marine  
  33  3:38  Siege Tank  
  37  3:44  SCV  
  38  3:49  Marine  
  38  3:52  Supply Depot  
  38  3:54  Medivac  
  38  3:55  Marine  
  42  3:56  SCV  
  42  3:58  SCV  
  44  4:09  Marine, SCV  
  46  4:10  SCV  
  46  4:16  Siege Tank  
  50  4:21  SCV, Supply Depot  
  50  4:22  Marine, SCV  
  53  4:28  Starport Tech Lab  
  53  4:33  SCV  
  53  4:34  SCV, Refinery  
  53  4:35  Marine  
  56  4:44  Refinery  
  56  4:45  SCV  
  57  4:46  SCV  
  57  4:48  Siege Tank, Supply Depot  
  61  4:56  Raven  
  61  4:57  SCV  
  61  4:59  SCV  
  65  5:03  Marine  
  65  5:04  Marine  
  67  5:08  Supply Depot  
  67  5:09  SCV  
  67  5:11  SCV  
  68  5:20  Siege Tank  
  68  5:21  Marine, SCV  
  72  5:22  Marine  
  72  5:23  SCV  
  75  5:31  Fusion Core  
  75  5:33  SCV, Supply Depot  
  75  5:35  SCV  
  77  5:39  Marine x2  
  79  5:45  SCV  
  79  5:47  SCV  
  81  5:52  Siege Tank  
  81  5:56  Marine  
  85  5:57  Marine, SCV  
  85  5:59  SCV  
  88  6:10  SCV  
  89  6:11  SCV  
  89  6:14  Marine  
  89  6:15  Marine  
  79  6:21  Command Center  
  79  6:22  Battlecruiser, SCV  
  79  6:23  SCV  
  79  6:24  Siege Tank  
  87  6:32  Marine  
  87  6:33  Marine  
  87  6:35  SCV x2  
  90  6:40  Supply Depot  
  90  6:42  Supply Depot  
  90  6:44  Supply Depot  
  90  6:45  Supply Depot  
  90  6:47  Supply Depot  
  90  6:48  Supply Depot  
  90  6:50  Marine  
  90  6:51  Marine  
  92  6:55  Factory, SCV x2  
  94  7:07  SCV  
  94  7:08  Marine  
  89  7:09  Marine  
  71  7:25  Marine  
  71  7:26  Marine  
  65  7:32  SCV  
  65  7:33  SCV  
  65  7:36  Orbital Command  
  59  7:43  Marine  
  50  7:44  Marine, SCV  
  50  7:45  SCV  
  43  7:56  SCV  
  43  7:57  SCV  
  45  8:01  Marine  
  45  8:02  Marine  
  47  8:07  Factory Reactor  
  47  8:09  SCV x2  
  49  8:19  Marine  
  50  8:20  Marine  
  50  8:21  Hellion, SCV x2  
  55  8:33  SCV x3  
  58  8:37  Marine  
  58  8:38  Marine  
  58  8:40  Battlecruiser  
  66  8:43  Hellion  
  66  8:45  SCV x3  
  71  8:50  Hellion x2  
  71  8:54  Marine  
  76  8:55  Marine  
  76  8:57  SCV x3  
  80  9:04  Hellion  
  80  9:09  SCV x2  
  84  9:11  Hellion  
  84  9:12  Marine  
  84  9:13  Marine, SCV  
  89  9:17  Armory  
  89  9:19  Armory, Supply Depot  
  89  9:20  Hellion, Supply Depot  
  89  9:22  SCV x2  
  93  9:25  SCV, Refinery  
  93  9:30  Marine  
  95  9:31  Marine  
  95  9:34  SCV x2  
  95  9:35  Hellion  
  95  9:37  SCV  
  101  9:40  Hellion  
  101  9:44  Infernal Pre-Igniter  
  103  9:46  SCV x2  
  103  9:48  Marine  
  103  9:49  Marine, SCV  
  108  9:59  Battlecruiser  
  114  10:00  SCV  
  114  10:01  SCV x2  
  114  10:06  Marine  
  118  10:07  Marine  
  118  10:08  Hellion  
  118  10:12  SCV  
  122  10:17  SCV x2  
  124  10:23  Supply Depot  
  124  10:24  SCV  
  124  10:25  Supply Depot  
  125  10:29  SCV  
  125  10:30  SCV, Supply Depot  
  125  10:35  Starport  
  127  10:36  SCV  
  127  10:39  Starport  
  127  10:41  Marine x2, SCV, Refinery  
  127  10:42  SCV  
  132  10:44  Hellion  
  132  10:48  SCV  
  135  10:54  SCV x2  
  137  10:58  Hellion x2  
  137  10:59  Marine x2  
  143  11:05  Hellion  
  145  11:13  Starport Tech Lab  
  145  11:16  Marine  
  145  11:17  Marine  
  147  11:19  Hellion x2  
  149  11:27  Hellion  
  148  11:34  Marine x2  
  150  11:41  SCV x3  
Tags
 
Add a new tag
Caveats
  • Supply blocks, unpowered buildings, or Contaminate may cause inaccurate times.
  • Supply counts are checked every 10 seconds.